 Dungeon Crawl Stone Soup version 0.29-a0-384-g6960b1960d (webtiles) character file.

Game seed: 8346666695394284356

254158 holysushi the Black Belt (level 19, -7/161 HPs)
             Began as a Mummy Monk on May 7, 2022.
             Was the Champion of Okawaru.
             Killed from afar by a deep elf annihilator (42 damage)
             ... with an iron shot
             ... on level 3 of the Elven Halls.
             The game lasted 02:10:51 (51575 turns).

holysushi the Black Belt (Mummy Monk)              Turns: 51575, Time: 02:10:52

Health: -7/161     AC: 11    Str: 19    XL:     19   Next: 1%
Magic:  34/34      EV: 33    Int: 10    God:    Okawaru [******]
Gold:   2039       SH:  9    Dex: 23    Spells: 19/24 levels left

rFire   + . .      SeeInvis .     - Unarmed
rCold   + . .      Faith    .   S - +3 buckler "Usaklir" {rPois Will+ MP+9}
rNeg    + + +      Spirit   .   D - +1 leather armour of Lugonu, Shifting {-Tele Fly Regen+ Str+2}
rPois   ∞          Reflect  .   Q - +0 hat of Okawaru's Delight {rF++ Dex-2 Slay+3}
rElec   .          Harm     .   O - scarf {repulsion}
rCorr   .          Rampage  .   G - +2 pair of gloves {Stlth+}
Will    +++..      NoTele   +   c - +2 pair of boots
Stlth   ++++++....              b - amulet of regeneration
HPRegen 1.96/turn               k - +4 ring of evasion
MPRegen 0.24/turn               r - ring "Voinyhis" {Dex+6 Slay+2}

@: heroic, flying, repel missiles
A: cold resistance 1, negative energy resistance 3, torment resistance 2, heat
vulnerability 1, in touch with death 2, no potions
}: 2/15 runes: barnacled, gossamer
a: Renounce Religion, Heroism, Finesse, Duel


You were on level 3 of the Elven Halls.
You worshipped Okawaru.
Okawaru was exalted by your worship.
You visited 7 branches of the dungeon, and saw 35 of its levels.
You also visited: Sewer, Bailey and Ice Cave.

You collected 3426 gold pieces.
You spent 1387 gold pieces at shops.

Inventory:

Hand Weapons
 i - the +9 rapier of Ancient Evil {protect, SInv}
   (You took it off a gnoll sergeant in a bailey)

   It grants its wielder temporary protection when it strikes (+7 to AC).
   SInv:      It lets you see invisible.
 P - the +11 fustibalus of the Shark {vorpal, rElec rPois Will+ rCorr}
   (Okawaru gifted it to you on level 4 of the Lair of Beasts)

   Any ammunition fired from it inflicts extra damage upon your enemies.
   rElec:     It insulates you from electricity.
   rPois:     It protects you from poison.
   rCorr:     It protects you from acid and corrosion.
   Will:      It increases your willpower.
Missiles
 t - 15 throwing nets (quivered)
Armour
 c - a +2 pair of boots (worn)
 d - a +1 cloak
 o - a scarf of resistance
 v - the +1 leather armour of the Indestructible God {rPois Str+7}
   (You bought it in a shop on level 6 of the Dungeon)

   Str:       It affects your strength (+7).
   rPois:     It protects you from poison.
 y - the +1 robe of Repulsion {rPois Int+3 Dex+2 Slay+3}
   (You found it on level 7 of the Dungeon)

   Int:       It affects your intelligence (+3).
   Dex:       It affects your dexterity (+2).
   Slay:      It affects your accuracy & damage with ranged weapons and melee
   (+3).
   rPois:     It protects you from poison.
 D - the +1 leather armour of Lugonu, Shifting (worn) {-Tele Fly Regen+ Str+2}
   (You bought it in a shop on level 8 of the Dungeon)

   Str:       It affects your strength (+2).
   Fly:       It grants you flight.
   -Tele:     It prevents most forms of teleportation.
   Regen:     It increases your rate of health regeneration.
 G - a +2 pair of gloves of stealth (worn)
 L - the +2 ring mail of Noathih {rF+ rN+ rCorr}
   (You found it on level 2 of the Lair of Beasts)

   rF:        It protects you from fire.
   rN:        It protects you from negative energy.
   rCorr:     It protects you from acid and corrosion.
 M - an orb of guile
 O - a scarf of repulsion (worn)
 Q - the +0 hat of Okawaru's Delight (worn) {rF++ Dex-2 Slay+3}
   (Okawaru gifted it to you on level 5 of the Lair of Beasts)

   Dex:       It affects your dexterity (-2).
   Slay:      It affects your accuracy & damage with ranged weapons and melee
   (+3).
   rF:        It greatly protects you from fire.
 S - the +3 buckler "Usaklir" (worn) {rPois Will+ MP+9}
   (Okawaru gifted it to you on level 6 of the Lair of Beasts)

   rPois:     It protects you from poison.
   MP:        It affects your magic capacity (+9).
   Will:      It increases your willpower.
Jewellery
 b - an amulet of regeneration (around neck)
 e - a +4 ring of slaying
 k - a +4 ring of evasion (left hand)
 q - a ring of protection from fire
 r - the ring "Voinyhis" (right hand) {Dex+6 Slay+2}
   (You acquired it on level 9 of the Dungeon)

   [ring of dexterity]

   Dex:       It affects your dexterity (+6).
   Slay:      It affects your accuracy & damage with ranged weapons and melee
   (+2).
 C - a ring of wizardry
 K - a ring of flight
 X - the ring "Ucsotai" {Will+ MP+9 SInv}
   (You bought it in a shop on level 2 of the Orcish Mines)

   [ring of magical power]

   MP:        It affects your magic capacity (+9).
   SInv:      It lets you see invisible.
   Will:      It increases your willpower.
Wands
 f - a wand of acid (2)
 w - a wand of mindburst (1)
 B - a wand of polymorph (14)
 F - a wand of paralysis (2)
 H - a wand of iceblast (10)
 V - a wand of flame (8)
Scrolls
 a - a scroll of poison
 g - 10 scrolls of teleportation
 h - a scroll of torment
 l - 8 scrolls of immolation
 m - 7 scrolls of magic mapping
 n - 3 scrolls of enchant armour
 p - 6 scrolls of fear
 s - a scroll of blinking
 u - 3 scrolls of silence
 A - 5 scrolls of vulnerability
 J - 2 scrolls of amnesia
 T - a scroll of summoning
 U - 6 scrolls of fog
Miscellaneous
 j - a lightning rod (4/4)
 R - a condenser vane (inert)
 Y - a tin of tremorstones (2/2)
 Z - a phial of floods (inert)


   Skills:
 + Level 17.1(22.1) Fighting
 * Level 16.0(21.0) Dodging
 - Level 5.7(10.7) Stealth
 + Level 18.3(23.3) Unarmed Combat
 - Level 3.4 Spellcasting
 - Level 2.0 Necromancy
 - Level 9.0 Invocations
 - Level 4.8 Evocations


You had 19 spell levels left.
You knew the following spells:

 Your Spells              Type           Power      Damage    Failure   Level
a - Corpse Rot            Necr/Air       16%        N/A       38%         2
b - Confusing Touch       Hex            1%         N/A       77%         3

Your spell library contained the following spells:

 Spells                   Type           Power      Damage    Failure   Level
 Apportation              Tloc           2%         N/A       38%         1
 Foxfire                  Conj/Fire      4%         2x1d4     38%         1
 Poisonous Vapours        Pois/Air       2%         N/A       52%         2
 Static Discharge         Conj/Air       1%         N/A       52%         2
 Conjure Flame            Conj/Fire      1%         6-21      77%         3
 Dazzling Flash           Conj/Hex       2%         N/A       77%         3
 Ignite Poison            Fire/Tmut/Pois 1%         N/A       77%         3
 Inner Flame              Hex/Fire       1%         N/A       77%         3
 Stone Arrow              Conj/Erth      2%         3d7       77%         3
 Dispel Undead            Necr           12%        3d9       87%         4
 Flame Wave               Conj/Fire      1%         2d4       99%         4
 Fulminant Prism          Conj/Hex       0%         3d6       99%         4
 Iskenderun's Mystic Bla  Conj/Tloc      1%         2d3       99%         4
 Sticky Flame             Conj/Fire      1%         2d3       99%         4
 Agony                    Necr           12%        N/A       99%         5
 Fireball                 Conj/Fire      0%         3d3       100%        5
 Iskenderun's Battlesphe  Conj           1%         2d6       100%        5
 Lee's Rapid Deconstruct  Erth           0%         3d5*      100%        5
 Silence                  Hex/Air        0%         N/A       100%        5
 Yara's Violent Unravell  Hex/Tmut       0%         3d3       100%        5
 Conjure Ball Lightning   Conj/Air       0%         3x3d6     100%        6
 Iron Shot                Conj/Erth      0%         9d1       100%        6
 Enfeeble                 Hex            0%         N/A       100%        7
 Orb of Destruction       Conj           0%         9d5       100%        7
 Lehudib's Crystal Spear  Conj/Erth      0%         10d2      100%        8
 Animate Skeleton         Necr           Unusable   N/A       N/A         1
 Summon Small Mammal      Summ           Unusable   N/A       N/A         1
 Animate Armour           Summ/Erth      Unusable   N/A       N/A         4
 Blade Hands              Tmut           Unusable   N/A       N/A         5

Dungeon Overview and Level Annotations

Branches:
Dungeon (15/15)            Temple (1/1) D:5            Lair (6/6) D:8
 Shoals (4/4) Lair:3       Spider (4/4) Lair:3        Slime (0/5) Lair:6
    Orc (2/2) D:11            Elf (3/3) Orc:2        Vaults (0/5) D:13
 Depths (0/4) D:15          Sewer (visited)          Bailey (visited)
  IceCv (visited)

Altars:
Ashenzari
Cheibriados
Dithmenos
Elyvilon
Fedhas
Gozag
Hepliaklqana
Kikubaaqudgha
Makhleb
Nemelex Xobeh
Okawaru
Qazlal
Ru
Sif Muna
Trog
Uskayaw
Vehumet
Wu Jian
Xom
Yredelemnul
Zin
The Shining One
Beogh
Jiyva

Shops:
D:6 [   D:8 [   D:10 !([   Orc:2 !*(!=   Elf:1 :=   Elf:3 ?   Shoals:1 :
Shoals:2 (

Annotations:
D:3 exclusion: upstairs
D:15 Roxanne
Lair:2 exclusion: 2 hydras
Lair:5 exclusion: 2 oklob plants
Elf:2 3 runed translucent doors, exclusion: 2 downstairs
Elf:3 2 exclusions


Innate Abilities, Weirdness & Mutations

You are immune to poison.
Your flesh is cold resistant. (rC+)
You are immune to negative energy. (rN+++)
You are immune to unholy pain and torment.
You are vulnerable to heat. (rF-)
You are strongly in touch with the powers of death.
You do not drink.


Message History

Unknown command.
The deep elf master archer shoots an arrow.
The arrow hits you!!
* * * LOW HITPOINT WARNING * * *
The deep elf master archer shoots an arrow.
The arrow completely misses you.
The deep elf annihilator casts a spell.
The deep elf annihilator blinks!
The deep elf master archer shoots an arrow.
The arrow completely misses you.
The deep elf master archer shoots an arrow.
The arrow completely misses you.
There is an open door here.
The deep elf master archer shoots an arrow.
The arrow completely misses you.
The deep elf master archer shoots an arrow.
The arrow closely misses you.
Unknown command.
You reach down and close the door.
The deep elf master archer shoots an arrow.
The arrow barely misses you.
The deep elf master archer shoots an arrow.
The arrow barely misses you.
You pummel the deep elf master archer like a punching bag!!!
The deep elf master archer is heavily wounded.
Something unseen opens the door.
The deep elf master archer shoots an arrow.
The arrow hits you.
* * * LOW HITPOINT WARNING * * *
The deep elf master archer shoots an arrow.
The arrow completely misses you.
You pummel the deep elf master archer!!
You kill the deep elf master archer!
Okawaru accepts your kill.
The deep elf master archer shoots an arrow.
The arrow closely misses you.
You have reached level 19!
The deep elf annihilator points at you and mumbles some strange words.
The iron shot hits you!!!
You die...

##.........##
#.....).....#
##....[).....##
#.........)...#
##...........##
##...........#
#####.........e##
!...#[..!.....#.####
)...'#.......##.@#E##
.....#.......####$..##
.....####'####
#.)..######
......###.#
###[#.....# ......#
#.# ##).....##
......###'####
#.......#
.....###.....#
##°.8.8..## .....#
#.....# #....[...)#
....## #.....#
##.°.....##


You could see a deep elf annihilator.

Vanquished Creatures
  Arachne (Spider:2)
  Jorgrun (D:13)
  Mlioglotl (Spider:4)
  A deep elf master archer (Elf:3)
  2 deep elf blademasters
  2 krakens
  A sphinx (shapeshifter) (D:15)
  A sphinx (Shoals:4)
  Kirke (D:15)
  2 deep elf sorcerers
  11 emperor scorpions
  3 deep elf elementalists (Elf:3)
  3 ghost moths
  A reaper (IceCv)
  5 broodmothers
  Nessos (Orc:1)
  3 deep elf demonologists
  Azrael (D:15)
  5 deep elf annihilators
  4 minotaurs
  2 deep elf death magi
  3 entropy weavers
  2 spark wasps
  2 ettins
  A merfolk impaler (Shoals:4)
  8 vault guards (D:13)
  2 merfolk javelineers
  A deep elf high priest (Elf:1)
  11 hydras
  2 boulder beetles
  Erolcha (D:13)
  4 ogre magi
  A merfolk avatar (Shoals:4)
  A rakshasa (D:15)
  5 catoblepae
  2 radroaches (Spider:3)
  3 centaur warriors
  An alligator snapping turtle (Shoals:4)
  2 jorogumos
  15 two-headed ogres
  2 merfolk aquamancers
  A death scarab (Spider:3)
  10 satyrs (Shoals:4)
  11 dancing weapons
  An orc high priest (Elf:3)
  11 death yaks
  8 deep elf knights
  Sonja (Lair:4)
  2 sun moths (Spider:4)
  8 pharaoh ants
  6 steelbarb worms
  8 sea snakes
  8 orb spiders
  Pikel (D:7)
  A wizard (D:14)
  A glowing orange brain (D:15)
  An orc knight (D:15)
  6 deep elf archers
  18 harpies
  An orc sorcerer (Elf:2)
  26 deep elf zephyrmancers
  8 fauns
  17 deep elf pyromancers
  17 wolf spiders
  A shining eye (shapeshifter) (Elf:3)
  19 manticores
  3 moths of wrath
  12 ugly things
  8 merfolk sirens
  7 cyclopes
  9 elephants
  Joseph (D:7)
  2 ice statues (IceCv)
  A molten gargoyle (Lair:2)
  A gargoyle (D:14)
  5 black mambas
  15 cane toads
  5 water nymphs
  3 torpor snails
  Maggie (D:7)
  2 unseen horrors
  4 rime drakes
  13 komodo dragons
  5 demonic crawlers
  A kobold demonologist (D:13)
  A freezing wraith (D:15)
  2 efreet (D:14)
  6 ice devils (IceCv)
  A troll (shapeshifter) (D:13)
  17 tarantellas
  A hornet (shapeshifter) (Elf:1)
  5 trolls
  Grinder (D:5)
  6 meliai
  6 wind drakes
  A hornet (D:9)
  18 merfolk
  10 slime creatures
  A snapping turtle (shapeshifter) (Elf:3)
  7 dream sheep
  4 blink frogs (Lair:3)
  4 snapping turtles
  19 jumping spiders
  21 culicivoras
  A yak (shapeshifter) (Elf:2)
  A shadow (D:11)
  Sigmund (D:2)
  3 air elementals
  A wraith (D:10)
  13 water elementals
  6 wyverns
  A dire elephant simulacrum (IceCv)
  4 humans
  5 fire elementals
  63 yaks
  4 steam dragons
  Grum (Bailey)
  Menkaure (D:5)
  7 basilisks
  59 redbacks
  4 death yak simulacra
  5 wargs
  15 water moccasins
  A floating eye (shapeshifter) (D:15)
  2 hell hounds (D:15)
  15 orc warriors
  An ice beast (D:7)
  2 sky beasts (D:6)
  3 black bears
  28 ogres
  24 wolves
  6 centaurs
  A phantom (D:4)
  4 lemures (D:6)
  A necrophage (D:6)
  4 kobold brigands
  8 bullfrogs
  10 gnoll sergeants
  4 two-headed ogre simulacra
  3 scorpions (D:5)
  2 cane toad simulacra (IceCv)
  An earth elemental (Elf:2)
  An elephant simulacrum (Orc:2)
  6 killer bees (D:10)
  2 electric eels
  A lava snake (Lair:2)
  4 jellies
  14 orc priests
  8 gnoll shamans (Bailey)
  5 hounds
  3 iguanas
  10 orc wizards
  4 spriggan simulacra
  3 troll simulacra
  A polar bear simulacrum (IceCv)
  3 wolf simulacra
  27 gnolls
  7 adders
  2 naga simulacra
  A river rat (D:3)
  A shadow imp (D:5)
  3 white imps
  4 ufetubi
  4 worms
  A dart slug (D:2)
  50 orcs
  12 bats
  7 endoplasms
  7 giant cockroaches
  10 goblins
  4 hobgoblins
  4 jackals
  26 kobolds
  2 quokkas
  6 ball pythons
  3 frilled lizards
  7 rats
  8 tentacles
1118 creatures vanquished.

Vanquished Creatures (others)
  A wizard (D:14)
  2 deep elf pyromancers
  A deep elf zephyrmancer (Orc:2)
  An ugly thing (D:15)
  An air elemental (Elf:3)
  38 fungi
  119 plants
  26 tentacles
189 creatures vanquished.

Grand Total: 1307 creatures vanquished

Notes
Turn   | Place    | Note
-------+----------+-------------------------------------------
     0 | D:1      | holysushi the Mummy Monk began the quest for the Orb.
     0 | D:1      | Reached XP level 1. HP: 18/18 MP: 1/1
   433 | D:1      | Reached XP level 2. HP: 22/24 MP: 2/2
  1202 | D:1      | Reached skill level 3 in Unarmed Combat
  1260 | D:1      | Found a faded altar of an unknown god.
  1378 | D:2      | Gained mutation: You are in touch with the powers of death.
                  | [Mummy growth]
  1378 | D:2      | Reached XP level 3. HP: 29/29 MP: 3/3
  2456 | D:3      | Found a glowing drain.
  2473 | D:3      | Reached XP level 4. HP: 26/35 MP: 4/4
  2504 | Sewer    | Entered a sewer
  2653 | Sewer    | Noticed a water moccasin
  2673 | Sewer    | Killed a water moccasin
  2674 | Sewer    | Reached skill level 1 in Evocations
  2674 | Sewer    | Reached XP level 5. HP: 27/42 MP: 5/5
  2906 | D:3      | Noticed an ogre
  2922 | D:3      | Killed an ogre
  2923 | D:3      | Reached skill level 4 in Unarmed Combat
  2923 | D:3      | Reached XP level 6. HP: 48/48 MP: 6/6
  3415 | D:2      | Noticed Sigmund
  3803 | D:4      | HP: 1/49 [ogre/+0 giant spiked club (25)]
  3805 | D:4      | Reached XP level 7. HP: 1/55 MP: 7/7
  4314 | D:4      | Reached skill level 5 in Unarmed Combat
  4632 | D:5      | Entered Level 5 of the Dungeon
  4956 | D:2      | Killed Sigmund
  4957 | D:2      | Reached skill level 5 in Fighting
  5458 | D:5      | Found a staircase to the Ecumenical Temple.
  5465 | D:5      | Noticed Menkaure
  5467 | Temple   | Entered the Ecumenical Temple
  5581 | Temple   | Became a worshipper of Warmaster Okawaru
  5581 | Temple   | Reached * piety under Okawaru
  5581 | Temple   | Reached ** piety under Okawaru
  5690 | D:5      | Killed Menkaure
  5691 | D:5      | Reached XP level 8. HP: 6/63 MP: 8/8
  6186 | D:5      | Reached skill level 6 in Unarmed Combat
  6268 | D:6      | Noticed Grinder
  6437 | D:5      | Killed Grinder
  6438 | D:5      | Reached skill level 1 in Invocations
  7008 | D:6      | Reached skill level 5 in Dodging
  7096 | D:6      | Reached *** piety under Okawaru
  7235 | D:6      | Found a blossoming altar of Fedhas.
  7396 | D:6      | Reached skill level 7 in Unarmed Combat
  7697 | D:6      | Found Sageloymi's Antique Armour Emporium.
  7705 | D:6      | Bought a distressingly furry leather armour for 203 gold
                  | pieces
  7705 | D:6      | Identified the +1 leather armour of the Indestructible God
                  | {rPois Str+7} (You bought it in a shop on level 6 of the
                  | Dungeon)
  7800 | D:7      | Noticed Pikel
  7867 | D:6      | Reached XP level 9. HP: 63/69 MP: 10/10
  7934 | D:7      | Noticed Joseph
  8146 | D:7      | Killed Pikel
  8909 | D:7      | Identified the +1 robe of Repulsion {rPois Int+3 Dex+2
                  | Slay+3}
  9177 | D:7      | Noticed Maggie
  9325 | D:7      | Killed Maggie
  9335 | D:7      | Killed Joseph
  9335 | D:7      | Reached **** piety under Okawaru
  9336 | D:7      | Reached skill level 8 in Unarmed Combat
  9681 | D:8      | Found a staircase to the Lair.
  9681 | D:8      | Noticed a komodo dragon
  9783 | D:8      | Killed a komodo dragon
  9879 | D:8      | Noticed a troll
  9888 | D:8      | Killed a troll
  9889 | D:8      | Reached XP level 10. HP: 73/79 MP: 11/11
 10828 | D:8      | Found Joekluf's Antique Armour Shoppe.
 10831 | D:8      | Bought a distressingly furry leather armour for 168 gold
                  | pieces
 10831 | D:8      | Identified the +1 leather armour of Lugonu, Shifting {-Tele
                  | Fly Regen+ Str+2} (You bought it in a shop on level 8 of
                  | the Dungeon)
 11026 | D:9      | Identified a scroll of acquirement
 11030 | D:9      | Acquired the ring "Voinyhis" {Dex+6 Slay+2}
 11048 | D:9      | Identified the +3 short sword "Sesian" {distort, Int+3}
 11109 | D:9      | Found a flagged portal.
 11145 | Bailey   | Entered a bailey
 11579 | Bailey   | Reached skill level 9 in Unarmed Combat
 11633 | Bailey   | Identified the +9 rapier of Ancient Evil {protect, SInv}
 11886 | Bailey   | Noticed Grum
 11988 | Bailey   | Killed Grum
 11988 | Bailey   | Reached ***** piety under Okawaru
 12347 | D:8      | Bought a transparent buckler for 228 gold pieces
 12347 | D:8      | Identified the -2 buckler "Effuch" {rC+} (You bought it in
                  | a shop on level 8 of the Dungeon)
 12750 | D:9      | Received a gift from Okawaru
 12991 | D:9      | Reached skill level 10 in Unarmed Combat
 13519 | D:10     | Entered Level 10 of the Dungeon
 13526 | D:10     | Found Luuhal's Armour Boutique.
 13533 | D:10     | Bought a +2 pair of gloves of stealth for 236 gold pieces
 13746 | D:10     | Found Raz Ewo's Distillery.
 13775 | D:10     | Noticed a two-headed ogre
 13850 | D:10     | Killed a two-headed ogre
 13851 | D:10     | Reached XP level 11. HP: 87/87 MP: 12/12
 14546 | D:10     | Noticed a two-headed ogre
 14557 | D:10     | Killed a two-headed ogre
 14557 | D:10     | Received a gift from Okawaru
 14647 | D:10     | Found Ostixal's Weapon Emporium.
 15065 | Lair:1   | Entered Level 1 of the Lair of Beasts
 15721 | Lair:1   | Reached skill level 11 in Unarmed Combat
 16432 | Lair:2   | Identified the +9 quarterstaff of Midwinter {spect, rC+
                  | Str+3 Int+2} (Okawaru gifted it to you on level 2 of the
                  | Lair of Beasts)
 16432 | Lair:2   | Received a gift from Okawaru
 16721 | Lair:2   | Noticed a seven-headed hydra
 16777 | Lair:2   | Noticed an eight-headed hydra
 17410 | Lair:2   | Reached skill level 10 in Fighting
 17467 | Lair:2   | Reached XP level 12. HP: 90/97 MP: 14/14
 17505 | Lair:2   | Identified the +2 ring mail of Noathih {rF+ rN+ rCorr}
 18082 | Lair:3   | Reached ****** piety under Okawaru
 18109 | Lair:3   | Learned a level 2 spell: Corpse Rot
 18113 | Lair:3   | Learned a level 3 spell: Confusing Touch
 18362 | Lair:3   | Found a hole to the Spider Nest.
 18386 | Lair:3   | Reached skill level 1 in Spellcasting
 18724 | Lair:3   | Reached skill level 12 in Unarmed Combat
 19027 | Lair:3   | Noticed a six-headed hydra
 19043 | Lair:3   | Killed a six-headed hydra
 19043 | Lair:3   | Identified the +7 arbalest of Resourcefulness {flame,
                  | +Blink rF+ Stlth+} (Okawaru gifted it to you on level 3 of
                  | the Lair of Beasts)
 19043 | Lair:3   | Received a gift from Okawaru
 19293 | Lair:3   | Found a staircase to the Shoals.
 19551 | Lair:4   | Noticed Sonja
 19669 | Lair:4   | Killed Sonja
 20022 | Lair:4   | Noticed a five-headed hydra
 20036 | Lair:4   | Killed a five-headed hydra
 20113 | Lair:4   | Noticed a four-headed hydra
 20118 | Lair:4   | Killed a four-headed hydra
 20544 | Lair:4   | Identified the +11 fustibalus of the Shark {vorpal, rElec
                  | rPois Will+ rCorr} (Okawaru gifted it to you on level 4 of
                  | the Lair of Beasts)
 20544 | Lair:4   | Received a gift from Okawaru
 20628 | Lair:4   | Noticed a death yak
 20651 | Lair:4   | Gained mutation: You are strongly in touch with the powers
                  | of death. [Mummy growth]
 20651 | Lair:4   | Reached XP level 13. HP: 99/105 MP: 18/18
 20826 | Lair:4   | Reached skill level 5 in Invocations
 21412 | Lair:4   | Reached skill level 1 in Necromancy
 22412 | Lair:5   | Identified the +0 hat of Okawaru's Delight {rF++ Dex-2
                  | Slay+3} (Okawaru gifted it to you on level 5 of the Lair of
                  | Beasts)
 22412 | Lair:5   | Received a gift from Okawaru
 22413 | Lair:5   | Reached skill level 13 in Unarmed Combat
 22698 | Lair:5   | Identified the +6 dagger of Ash {vorpal, rElec rC- Int+7
                  | Dex+3}
 23178 | Lair:6   | Entered Level 6 of the Lair of Beasts
 24094 | Lair:6   | Reached skill level 5 in Stealth
 24469 | Lair:6   | Found a viscous altar of Jiyva.
 24470 | Lair:6   | Found a staircase to the Slime Pits.
 26351 | Lair:6   | Reached skill level 10 in Dodging
 26869 | Lair:6   | Reached XP level 14. HP: 96/114 MP: 19/19
 27379 | Lair:6   | Identified the +3 buckler "Usaklir" {rPois Will+ MP+9}
                  | (Okawaru gifted it to you on level 6 of the Lair of Beasts)
 27379 | Lair:6   | Received a gift from Okawaru
 27380 | Lair:6   | Reached skill level 14 in Unarmed Combat
 28148 | D:11     | Found a staircase to the Orcish Mines.
 29048 | Orc:1    | Entered Level 1 of the Orcish Mines
 29445 | Orc:2    | Entered Level 2 of the Orcish Mines
 29445 | Orc:2    | Found a frozen archway.
 29448 | Orc:2    | Found Memneul's Jewellery Shop.
 29450 | Orc:2    | Noticed Nessos
 29949 | Orc:1    | Killed Nessos
 29949 | Orc:1    | Received a gift from Okawaru
 30121 | IceCv    | Entered an ice cave
 30557 | IceCv    | Noticed a reaper
 30688 | IceCv    | Reached skill level 15 in Unarmed Combat
 30730 | IceCv    | Killed a reaper
 30876 | Orc:2    | Bought the ring "Ucsotai" {Will+ MP+9 SInv} for 552 gold
                  | pieces
 30911 | Orc:2    | Found a staircase to the Elven Halls.
 31082 | Orc:2    | Reached XP level 15. HP: 85/122 MP: 20/20
 31303 | Orc:2    | Found Opir's Assorted Antiques.
 31303 | Orc:2    | Found Tiwifuc's Distillery.
 31304 | Orc:2    | Found Feawkunej's Distillery.
 31304 | Orc:2    | Found Azil's Antique Weapon Shoppe.
 31824 | Spider:1 | Entered Level 1 of the Spider Nest
 31945 | Spider:1 | Noticed an emperor scorpion
 31970 | Spider:1 | Killed an emperor scorpion
 33048 | Spider:2 | Noticed an emperor scorpion
 33049 | Spider:2 | Noticed Arachne
 33069 | Spider:2 | Killed an emperor scorpion
 33909 | Spider:2 | Killed Arachne
 34211 | Spider:2 | Received a gift from Okawaru
 34212 | Spider:2 | Reached skill level 16 in Unarmed Combat
 34969 | Spider:3 | Received a gift from Okawaru
 35452 | Spider:3 | Noticed an emperor scorpion
 35475 | Spider:3 | Killed an emperor scorpion
 35903 | Spider:3 | Reached XP level 16. HP: 8/133 MP: 21/21
 36415 | Spider:3 | Identified the +0 great mace of Qiaf {pain, *Corrode Will+
                  | Dex+4} (Okawaru gifted it to you on level 3 of the Spider
                  | Nest)
 36415 | Spider:3 | Received a gift from Okawaru
 37199 | Spider:4 | Entered Level 4 of the Spider Nest
 37939 | Spider:4 | Noticed Mlioglotl
 37963 | Spider:4 | Killed Mlioglotl
 38097 | Spider:4 | Received a gift from Okawaru
 38447 | Spider:4 | Reached skill level 17 in Unarmed Combat
 39240 | Spider:4 | Got a gossamer rune of Zot
 39985 | D:12     | Received a gift from Okawaru
 40607 | D:13     | Noticed Erolcha
 40625 | D:13     | Found a gate to the Vaults.
 40653 | D:13     | Killed Erolcha
 40740 | D:13     | Noticed Jorgrun
 40980 | D:13     | Found the +18 Lear's hauberk
 41274 | D:13     | Killed Jorgrun
 41597 | D:13     | Reached XP level 17. HP: 83/140 MP: 23/23
 41799 | D:14     | Reached skill level 15 in Fighting
 42353 | D:15     | Entered Level 15 of the Dungeon
 42492 | D:15     | Noticed Kirke
 42541 | D:15     | Killed Kirke
 42734 | D:15     | Noticed Roxanne
 42747 | D:15     | Noticed Azrael
 42758 | D:15     | Killed Azrael
 42888 | D:15     | Received a gift from Okawaru
 43350 | D:15     | Found a staircase to the Depths.
 43784 | Shoals:1 | Entered Level 1 of the Shoals
 43983 | Shoals:1 | Noticed a kraken
 44170 | Shoals:1 | Killed a kraken
 44541 | Shoals:1 | Found Jeidoum's Book Shoppe.
 44548 | Shoals:1 | Reached skill level 18 in Unarmed Combat
 45244 | Shoals:2 | Identified the +2 ring mail "Zozytzette" {rC+++ rCorr Str-5
                  | Int-3} (Okawaru gifted it to you on level 2 of the Shoals)
 45244 | Shoals:2 | Received a gift from Okawaru
 45361 | Shoals:2 | Found Toerakaw's Weapon Shop.
 46362 | Shoals:3 | Noticed a kraken
 46679 | Shoals:3 | Noticed a kraken
 46708 | Shoals:3 | Killed a kraken
 47018 | Shoals:4 | Entered Level 4 of the Shoals
 47272 | Shoals:4 | Identified the +0 ring mail of Ittis {rC+ rCorr Int+2}
 47274 | Shoals:4 | Identified the +4 rapier of the Keeping Asp {vorpal, rPois}
 47312 | Shoals:4 | Reached XP level 18. HP: 123/151 MP: 24/24
 47411 | Shoals:4 | Identified the +3 plate armour of Knowledge {*Slow rN+++
                  | Str+3 Int+4} (Okawaru gifted it to you on level 4 of the
                  | Shoals)
 47411 | Shoals:4 | Received a gift from Okawaru
 47452 | Shoals:4 | Got a barnacled rune of Zot
 48538 | Elf:1    | Entered Level 1 of the Elven Halls
 48542 | Elf:1    | Paralysed by an air elemental for 1 turns
 48545 | Elf:1    | Paralysed by an air elemental for 1 turns
 48922 | Elf:1    | Found Sucsaes's Jewellery Emporium.
 49147 | Elf:1    | Reached skill level 15 in Dodging
 49300 | Elf:1    | Found Qaqeil's Book Shoppe.
 49467 | Elf:2    | Identified the +9 battleaxe of Xouc {protect, rF- rC++}
 49703 | Elf:2    | Identified the +12 broad axe "Cerghaarch" {vamp, Will+
                  | Str+2 Int+4} (Okawaru gifted it to you on level 2 of the
                  | Elven Halls)
 49703 | Elf:2    | Received a gift from Okawaru
 49995 | Elf:2    | Found a runed translucent gate.
 50011 | Elf:2    | Found a runed translucent gate.
 50012 | Elf:2    | Found a runed translucent gate.
 50392 | Elf:3    | Entered Level 3 of the Elven Halls
 50428 | Elf:3    | Paralysed by an air elemental for 1 turns
 50841 | Elf:3    | Found Cushrig's Magic Scroll Boutique.
 50942 | Elf:3    | Identified the ring "Keraif" {rElec rF- rC+ rCorr Str+4}
 51252 | Elf:3    | Paralysed by an air elemental for 1 turns
 51283 | Elf:3    | Received a gift from Okawaru
 51575 | Elf:3    | Reached XP level 19. HP: 33/161 MP: 25/25
 51575 | Elf:3    | Killed from afar by a deep elf annihilator

Illustrated notes

Levels and vault maps discovered:
D:1:      dpeg_cavernosity, layout_basic, shapermc_ecumenical_altar_hornbeckon
D:2:      layout_basic, uniq_sigmund
D:3:      layout_loops_ring, portal_sewer_entry_b
D:4:      layout_loops_ring
D:5:      layout_basic, minmay_temple_entry_drinking_statues, uniq_menkaure
D:6:      layout_basic, fedhas_altar_2, serial_shops, shop_statue,
          nicolae_water_bricks, uniq_grinder
D:7:      layout_basic, minmay_curled_crystal, uniq_maggie, uniq_joseph,
          uniq_pikel
D:8:      layout_basic, david_lair_shrubbed, serial_shops, kennysheep_mini_moat
D:9:      layout_basic, enter_bailey_5, amethyst_killhole
D:10:     layout_gridville, serial_shops, shop, nicolae_shop_statue_plus,
          nicolae_shop_bloodbath_and_beyond
D:11:     layout_basic, minmay_orc_entry_temple_small
D:12:     layout_rooms
D:13:     layout_grid_maze, erik_vaults_2, hellmonk_guarded_unrand_lears,
          uniq_erolcha, uniq_jorgrun
D:14:     layout_cave_pools, serial_bayou, serial_bayou_shore_a,
          serial_bayou_pond_d, serial_bayou_pond_b, serial_bayou_pond_d,
          minmay_staircase_statues_hall_small
D:15:     gammafunk_enter_depths_forms, layout_rooms, uniq_kirke, uniq_roxanne,
          uniq_azrael
Temple:   kilobyte_greek_temple
Lair:1:   layout_regular_city
Lair:2:   nzn_winding_woodlands_cross [nzn_winding_woodlands_5x15_jagged,
          nzn_winding_woodlands_5x15_sidewinder,
          nzn_winding_woodlands_5x15_pathside_ponds,
          nzn_winding_woodlands_5x15_pool,
          nzn_winding_woodlands_15x15_thick_spiral], layout_gridlike,
          serial_bayou_shore_b
Lair:3:   layout_cellular_growth, minmay_shoals_entry_hut,
          nicolae_spider_entry_orb_guardian
Lair:4:   layout_gridlike, infiniplex_staircase_pool, grunt_megastairs_1,
          uniq_sonja
Lair:5:   layout_cellular_growth, dpeg_oklob_1, lemuel_fruit_tree
Lair:6:   evilmike_catoblepas_cave, layout_gridlike, slime_altar_1
Shoals:1: layout_shoals, serial_shops, nicolae_shop_window_shopping,
          nicolae_shoals_drake_roost
Shoals:2: layout_shoals, serial_shops, nicolae_shop_statue_plus
Shoals:3: layout_shoals
Shoals:4: shoals_end_hellmonk_lost_city, serial_shops
Spider:1: layout_cave_pods, drop_trap
Spider:2: layout_spider_delve, uniq_arachne
Spider:3: layout_chambers, hangedman_spider_tarantella_strand
Spider:4: grunt_spider_rune_circles, uniq_mlioglotl
Orc:1:    minmay_goldmine, layout_caves
Orc:2:    st_orc_ogre_mass, layout_caves, portal_ice_cave_entry_ice_simulacra,
          serial_shops, nicolae_shop_hallway_plus, uniq_nessos
Elf:1:    nicolae_elf_arrival_aired_out, layout_geoelf_octagon, serial_shops,
          nicolae_shop_statue_plus, shop, kennysheep_underground_church,
          drop_trap, amcnicky_mini_pool_small
Elf:2:    elven_hall_of_blades_hangedman_original
          [nicolae_blade_entry_area_security], layout_rooms
Elf:3:    grunt_elf_hall_diamonds, layout_geoelf_octagon, serial_shops, shop

Skill      XL: |  1  2  3  4  5  6  7  8  9 10 11 12 13 14 15 16 17 18 |
---------------+-------------------------------------------------------+-----
Unarmed Combat | 3 4 5 7 8 10 11 12 13 15 16 17 18 | 18.3
Dodging        | 3 4 5 6 7 8 9 10 11 12 14 16 | 16.0
Evocations     | 1 2 3 4 |  4.8
Fighting       | 4 5 6 7 8 10 11 12 14 15 17 | 17.1
Invocations    | 2 4 6 8 9 |  9.0
Stealth        | 2 3 5 |  5.7
Spellcasting   | 3 |  3.4
Necromancy     | 2 |  2.0

Action                   |  1- 3 |  4- 6 |  7- 9 | 10-12 | 13-15 | 16-18 | 19-21 || total
-------------------------+-------+-------+-------+-------+-------+-------+-------++-------
Melee: Unarmed           |   177 |   144 |   437 |   871 |  1527 |  2108 |       ||  5264
       Punch             |     5 |     7 |    28 |   100 |    66 |       |       ||   206
 Fire: Fustibalus        |       |       |       |     5 |       |       |       ||     5
 Cast: Corpse Rot        |       |       |       |       |     5 |       |       ||     5
       Confusing Touch   |       |       |       |       |     1 |       |       ||     1
Invok: Heroism           |       |       |     1 |     2 |    19 |    23 |       ||    45
       Finesse           |       |       |       |       |     4 |     2 |       ||     6
Evoke: Wand              |       |     3 |    16 |     7 |     1 |    13 |       ||    40
       Lightning rod     |       |       |       |     8 |       |       |       ||     8
       Condenser vane    |       |       |       |       |       |     3 |       ||     3
       Phial of floods   |       |       |       |       |       |     2 |       ||     2
  Use: Scroll            |     4 |       |     3 |     6 |    10 |     7 |       ||    30
 Stab: Sleeping          |     5 |     1 |     1 |    11 |    11 |    26 |       ||    55
       Distracted        |     1 |       |     1 |     1 |     6 |     4 |       ||    13
       Confused          |       |       |       |       |     1 |     5 |       ||     6
Armor: Robe              |    37 |    22 |     7 |    85 |   129 |   103 |       ||   383
       Ring mail         |       |     7 |    62 |       |       |       |       ||    69
       Leather armour    |       |       |    14 |    53 |       |    81 |       ||   148
Dodge: Dodged            |   115 |   105 |   320 |   917 |  1227 |  1832 |       ||  4516
       Repelled          |       |       |       |       |       |    28 |       ||    28
Block: Buckler           |       |       |       |       |   360 |   646 |       ||  1006

Table legend: (Time is in decaauts)
 A = Elapsed time spent in this place.
 B = Non-inter-level travel time spent in this place.
 C = Inter-level travel time spent in this place.
 D = Time resting spent in this place.
 E = Time spent auto-exploring this place.
 F = Levels seen in this place.
 G = Mean time per level.
                   A        B        C        D        E       F      G
               +--------+--------+--------+--------+--------+-----+--------+
         Total |  50274 |  47410 |   2864 |  14679 |  16660 |  38 | 1323.0 |
       Dungeon |  18556 |  17225 |   1331 |   4470 |   8113 |  15 | 1237.1 |
        Temple |    485 |    455 |     30 |    322 |     98 |   1 |  485.0 |
          Lair |  13125 |  12250 |    875 |   5769 |   3757 |   6 | 2187.5 |
        Shoals |   4250 |   4030 |    220 |    319 |   1832 |   4 | 1062.5 |
   Spider Nest |   7104 |   6949 |    155 |   1987 |   1650 |   4 | 1776.0 |
  Orcish Mines |   1885 |   1732 |    153 |    610 |    560 |   2 |  942.5 |
   Elven Halls |   2838 |   2741 |     97 |    729 |    622 |   3 |  946.0 |
         Sewer |    309 |    309 |      0 |    193 |      0 |   1 |  309.0 |
        Bailey |   1033 |   1033 |      0 |    101 |     24 |   1 | 1033.0 |
      Ice Cave |    684 |    684 |      0 |    178 |      4 |   1 |  684.0 |
               +--------+--------+--------+--------+--------+-----+--------+

Top non-repeatable levels by time:
  Lair:6: 3797 daAuts
Spider:3: 2936 daAuts
  Lair:4: 2301 daAuts
  Lair:3: 2196 daAuts
  Lair:5: 1926 daAuts
Spider:4: 1772 daAuts
    D:10: 1633 daAuts
     D:7: 1597 daAuts
  Lair:2: 1597 daAuts
     D:8: 1584 daAuts
    D:13: 1568 daAuts
     D:6: 1426 daAuts
Spider:2: 1420 daAuts
     D:1: 1372 daAuts
     D:3: 1364 daAuts
